AoeStats
← DSLG | Shamer

Yucatan

510910871Analyzed
4v4 RM · 11h ago on Oct 3, 2026· 57m 33s· 8 players
Game mode
Random Map
Map size
Large (8 player)
Population
200
Speed
Normal
Resources
Standard
Victory
Conquest
Starting age
Dark Age
Ending age
Imperial Age
RankedLock teamsTeams togetherTeam positionsShared explorationLock speedFull tech treeHidden civsTurbo modeCheats
Victory
Defeat
🇨🇴 Lithuanians · Colombia
1138
+15
🇲🇽 Maya · Mexico
1137
+15
🇵🇪 Poles · Peru
1121
+16
🇨🇴 Magyars · Colombia
1114
+16
🇨🇦 Varangians · Canada
1230
-21
🇨🇦 Mongols · Canada
1196
-19
🇨🇦 Franks · Canada
1042
-12
🇨🇦 Wei · Canada
987
-10
HeyZeusHayden
9:46 Loom
12:29 Feudal Age
15:39 Forging
17:30 Castle Age
15:57 Double-Bit Axe
16:21 Scale Barding Armor
17:27 Bloodlines
17:12 Horse Collar
19:24 Husbandry
22:55 Iron Casting
25:10 Gold Mining
26:57 Chain Barding Armor
26:46 Caravan
29:11 Heavy Plow
29:45 Town Watch
31:21 Bow Saw
31:28 Stone Mining
32:59 Ballistics
33:39 Masonry
34:14 Murder Holes
35:22 Wheelbarrow
35:02 Squires
35:16 Fortified Wall
35:04 Fletching
38:30 Imperial Age
36:22 Padded Archer Armor
36:15 Light Cavalry
37:46 Hand Cart
37:40 Bodkin Arrow
38:00 Leather Archer Armor
38:43 Stone Shaft Mining
39:33 Gold Shaft Mining
39:22 Bracer
39:56 Conscription
40:53 Chemistry
41:29 Blast Furnace
40:37 Elite Mangudai
43:01 Hoardings
42:25 Elite Skirmisher
43:50 Parthian Tactics
43:30 Thumb Ring
44:21 Siege Engineers
43:57 Cavalier
43:58 Hussar
46:55 Town Patrol
47:28 Coinage
47:28 Nomads
49:35 Drill
50:07 Sappers
Towel
1:21 Loom
12:07 Feudal Age
13:53 Wheelbarrow
14:00 Double-Bit Axe
19:09 Castle Age
19:47 Gold Mining
19:41 Horse Collar
21:38 Scale Barding Armor
22:04 Husbandry
23:15 Bloodlines
26:48 Hand Cart
27:43 Heavy Plow
31:27 Chain Barding Armor
31:18 Forging
33:57 Chain Barding Armor
33:48 Forging
40:32 Tuntian
43:03 Iron Casting
45:17 Scale Mail Armor
49:29 Imperial Age
47:04 Fletching
49:56 Gold Shaft Mining
49:54 Tuntian
52:06 Chemistry
51:17 Elite Tiger Cavalry
53:02 Blast Furnace
53:41 Conscription
54:18 Ming Guang Armor
Nfl Wolf2113
0:46 Loom
13:09 Feudal Age
13:45 Double-Bit Axe
14:07 Gold Mining
19:49 Castle Age
18:09 Stone Mining
21:42 Caravan
22:30 Bow Saw
22:58 Gold Shaft Mining
22:48 Gambesons
23:25 Forging
24:28 Scale Barding Armor
26:35 Husbandry
26:23 Pikeman
27:04 Squires
28:54 Iron Casting
28:40 Chain Barding Armor
29:04 Scale Mail Armor
28:55 Fletching
29:05 Padded Archer Armor
31:18 Fishing Lines
33:48 Elite Skirmisher
38:02 Imperial Age
38:36 Cavalier
41:48 Paladin
43:33 Blast Furnace
43:08 Plate Barding Armor
44:24 Conscription
49:27 Plate Barding Armor
55:10 Halberdier
TEEdigz
9:56 Loom
11:42 Feudal Age
13:15 Double-Bit Axe
13:15 Horse Collar
14:17 Scale Barding Armor
14:23 Forging
16:24 Castle Age
16:01 Bloodlines
21:51 Scale Mail Armor
23:16 Forging
24:36 Squires
25:18 Bow Saw
25:40 Gambesons
29:34 Chain Mail Armor
29:08 Arson
30:52 Iron Casting
31:22 Wheelbarrow
30:34 Town Watch
36:53 Pikeman
40:59 Fletching
50:36 Imperial Age
Sniper_Wolf
0:27 Loom
12:06 Feudal Age
18:20 Castle Age
18:26 Fletching
18:37 Padded Archer Armor
19:51 Bodkin Arrow
20:12 Leather Archer Armor
29:03 Double-Bit Axe
29:13 Gold Mining
29:05 Horse Collar
30:00 Bow Saw
34:18 Town Watch
38:32 Wheelbarrow
47:14 Imperial Age
45:30 Ballistics
45:22 Masonry
49:08 Chemistry
48:38 Architecture
49:06 Bracer
49:36 Ring Archer Armor
49:31 Elite Skirmisher
50:46 Thumb Ring
51:10 Conscription
52:44 Hul'che Javelineers
55:56 Hoardings
55:52 Ring Archer Armor
Zombie
2:38 Loom
11:14 Feudal Age
15:55 Castle Age
14:15 Double-Bit Axe
15:04 Horse Collar
16:50 Bow Saw
23:25 Heavy Plow
25:25 Wheelbarrow
26:51 Gold Mining
28:18 Hand Cart
28:20 Stone Mining
29:05 Gold Shaft Mining
35:00 Imperial Age
33:07 Bloodlines
32:57 Husbandry
32:31 Light Cavalry
33:49 Scale Barding Armor
35:25 Chain Barding Armor
35:35 Corvinian Army
35:08 Hussar
36:24 Conscription
36:45 Conscription
37:19 Plate Barding Armor
36:25 Elite Magyar Huszar
54:22 Fletching
Sergio9108
2:51 Loom
9:42 Feudal Age
15:31 Castle Age
16:32 Double-Bit Axe
16:28 Horse Collar
17:17 Light Cavalry
20:08 Town Watch
21:43 Atonement
21:57 Fervor
26:19 Scale Barding Armor
26:24 Forging
26:54 Bloodlines
26:45 Husbandry
28:01 Husbandry
28:18 Forging
28:43 Sanctity
29:52 Wheelbarrow
31:58 Iron Casting
31:43 Chain Barding Armor
42:00 Hand Cart
41:45 Town Patrol
44:55 Imperial Age
46:26 Fletching
46:36 Padded Archer Armor
47:15 Conscription
46:19 Elite Leitis
47:33 Redemption
47:52 Cavalier
54:31 Plate Barding Armor
57:25 Paladin
DSLG | Shamer
9:10 Loom
9:18 Loom
12:00 Feudal Age
18:25 Castle Age
17:29 Gold Mining
17:31 Double-Bit Axe
17:30 Horse Collar
21:46 Wheelbarrow
21:30 Bow Saw
22:14 Stone Mining
22:32 Heavy Plow
23:50 Hand Cart
25:41 Stone Shaft Mining
28:23 Imperial Age
26:21 Forging
26:26 Scale Mail Armor
28:19 Town Watch
35:49 Conscription
35:39 Szlachta Privileges
36:02 Town Patrol
35:57 Elite Obuch
37:48 Chain Mail Armor
38:09 Iron Casting
38:51 Lechitic Legacy
39:14 Scale Barding Armor
39:10 Padded Archer Armor
39:41 Plate Mail Armor
39:06 Fletching
39:57 Crop Rotation
40:08 Bloodlines
39:59 Husbandry
39:20 Light Cavalry
39:20 Cavalier
40:57 Chain Barding Armor
41:38 Blast Furnace
41:35 Leather Archer Armor
41:15 Winged Hussar
46:10 Bodkin Arrow
52:13 Siege Engineers
53:09 Chemistry
52:30 Ballistics
52:21 Masonry
51:52 Treadmill Crane
52:24 Fortified Wall
52:12 Murder Holes
52:03 Arrowslits
52:24 Bracer
Connection lost

Rejoining the realm…

Still unreachable

The connection could not be restored.

Session expired

The server has moved on; the page needs a fresh start.